 Dungeon Crawl Stone Soup version 0.25-a0-549-g6e6e6501ad (webtiles) character file.

Game seed: 808032519195655663, levelgen mode: deterministic

3870 DerDa the Destroyer (level 10, -5/63 HPs)
             Began as a Demonspawn Fire Elementalist on Feb 23, 2020.
             Was a Believer of Sif Muna.
             Slain by a killer bee (6 damage)
             ... on level 8 of the Dungeon.
             The game lasted 00:27:57 (8997 turns).

DerDa the Destroyer (Demonspawn Fire Elementalist)  Turns: 8997, Time: 00:27:58

Health: -5/63      AC:  4    Str:  9    XL:     10   Next: 0%
Magic:  15/21      EV: 12    Int: 20    God:    Sif Muna [**....]
Gold:   417        SH:  0    Dex: 13    Spells: 14/24 levels left

rFire    . . .     SeeInvis .   o - +3 falchion
rCold    . . .     Gourm    .   (no shield)
rNeg     . . .     Faith    .   y - +2 robe {MR+}
rPois    .         Spirit   .   (helmet restricted)
rElec    .         Reflect  .   i - scarf {repulsion}
rCorr    .         Harm     .   (no gloves)
MR       ++...                  (no boots)
Stlth    +.........             (no amulet)
HPRegen  0.20/turn              L - ring of protection from magic
MPRegen  0.17/turn              K - ring of attention (curse)

@: lethally poisoned (-5 -> -8), repel missiles
A: claws 2, horns 1, powered by pain 2, rot immunity
a: Channel Magic, Renounce Religion


You were on level 8 of the Dungeon.
You worshipped Sif Muna.
Sif Muna was pleased with you.
You were not hungry.

You visited 2 branches of the dungeon, and saw 10 of its levels.
You also visited: Sewer and Ossuary.

You collected 417 gold pieces.

Inventory:

Hand Weapons
 m - a +2 dagger of venom
 o - a +3 falchion (weapon)
Missiles
 g - 37 poisoned darts
 l - 277 stones (quivered)
 p - 92 sling bullets
 r - 11 curare-tipped darts
 u - 23 bolts
Armour
 i - a scarf of repulsion (worn)
 y - a +2 robe of magic resistance (worn)
 G - a +3 leather armour of cold resistance
Jewellery
 w - an uncursed ring of fire
 K - a cursed ring of attention (right claw)
 L - a ring of protection from magic (left claw)
Wands
 a - a wand of flame (33)
Scrolls
 b - 3 scrolls of enchant armour
 d - a scroll of blinking
 f - 4 scrolls of fear
 h - 4 scrolls of remove curse
 j - 4 scrolls of teleportation
 k - 6 scrolls of amnesia
 n - a scroll of magic mapping
 s - 3 scrolls of enchant weapon
 x - a scroll of immolation
 M - a scroll of identify
Potions
 e - 3 potions of might
 t - 2 potions of heal wounds
 v - a potion of ambrosia {unknown}
 z - 5 potions of curing {unknown}
 A - a potion of magic {unknown}
 B - a potion of haste {unknown}
 C - 2 potions of cancellation {unknown}
 D - a potion of degeneration {unknown}
 E - 2 potions of resistance {unknown}
 F - a potion of mutation {unknown}
 H - a potion of brilliance
 I - a potion of lignification {unknown}
 J - 3 potions of invisibility {unknown}
Comestibles
 c - 17 rations
 q - 3 chunks of flesh


   Skills:
 - Level 1.7 Dodging
 - Level 1.7 Stealth
 * Level 7.9 Spellcasting
 * Level 8.4 Conjurations
 * Level 8.1 Fire Magic


You had 14 spell levels left.
You knew the following spells:

 Your Spells              Type           Power        Failure   Level  Hunger
a - Foxfire               Conj/Fire      ####         1%          1    None
b - Sticky Flame          Conj/Fire      #####...     2%          4    ###....
c - Fireball              Conj/Fire      #####.....   8%          5    #####..

Your spell library contained the following spells:

 Spells                   Type           Power        Failure   Level  Hunger
 Magic Dart               Conj           ####         1%          1    None
 Shock                    Conj/Air       ###.         1%          1    None
 Searing Ray              Conj           #####.       1%          2    None
 Conjure Flame            Conj/Fire      #####...     1%          3    None
 Dazzling Flash           Conj/Hex       ###...       4%          3    None
 Inner Flame              Hex/Fire       ###.....     4%          3    None
 Static Discharge         Conj/Air       ###.....     4%          3    None
 Animate Skeleton         Necr           N/A          9%          1    None
 Pain                     Necr           #...         9%          1    None
 Swiftness                Chrm/Air       #.......     13%         2    None
 Fulminant Prism          Conj/Hex       ###.......   16%         4    ###....
 Iskenderun's Mystic Bla  Conj/Tloc      ###.....     16%         4    ###....
 Vampiric Draining        Necr           #.........   26%         3    None
 Lightning Bolt           Conj/Air       ###.......   38%         5    #####..
 Airstrike                Air            #.........   65%         4    ###....
 Animate Dead             Necr           N/A          65%         4    ###....
 Agony                    Necr           #.......     94%         5    #####..


Dungeon Overview and Level Annotations

Branches:
Dungeon (9/15)             Temple (1/1) D:5           Sewer (visited)
Ossuary (visited)
   Lair: D:8-11         Orc: D:9-12

Altars:
Ashenzari
Cheibriados
Dithmenos
Elyvilon
Fedhas
Gozag
Hepliaklqana
Kikubaaqudgha
Makhleb
Nemelex Xobeh
Okawaru
Qazlal
Ru
Sif Muna
Trog
Uskayaw
Vehumet
Xom
Yredelemnul
Zin
The Shining One
Beogh
Lugonu

Annotations:
D:5 3 runed translucent doors, MrRokkomies's ghost, novice DEFE


Innate Abilities, Weirdness & Mutations

You have very sharp fingernails.
You have a pair of small horns on your head.
You sometimes gain power by taking damage.
You are immune to rotting.


Message History

You feel sick.
The killer bee buzzes angrily.
You hear an angry buzzing noise.
A killer bee comes into view.
The killer bee stings you!
A killer bee comes into view.
You feel sick.
The killer bee buzzes angrily.
The killer bee closely misses you.
You feel sick.
The killer bee stings you but does no damage.
You feel sick. The killer bee closely misses you.
The killer bee stings you but does no damage.
You feel sick. The killer bee stings you!
* * * LOW HITPOINT WARNING * * *
The killer bee barely misses you. The killer bee stings you.
* * * LOW HITPOINT WARNING * * *
A killer bee comes into view.
The killer bee stings you but does no damage.
The killer bee stings you.
You die...

###.#............#......##.##...
##...........###..###....)...#...
#..##.....#..# #....#....#.....##
..#..##..###.# #...#.....###.....
...........#.###....#.#...###....
.#....<.............#.#..##*#.#.y
.............#####.......###..#.y
...............###........#....y#
...........#....@yy#####.......y.
.#....)#######.##yy.#.#..........
.#.....# #.....###yy.....###....
.......# #.......#..#..##.##..yy
..##...## #.##................##.
.###....###..#...........#...[...
.####....##.##.........y...#...y#
..........................!#,.#**
......##.................#$..,,*,


You could see 7 killer bees.

Vanquished Creatures
  Grinder (D:5)
  A steam dragon (D:7)
  Menkaure (D:7)
  Duvessa (D:6)
  2 sky beasts (D:6)
  An orc warrior (D:8)
  A black bear (D:6)
  A phantom (D:5)
  An ice beast (D:6)
  3 ogres
  7 big kobolds
  2 centaurs
  2 bullfrogs
  A wyvern zombie (D:8)
  Dowan (D:6)
  4 scorpions
  2 killer bees (D:8)
  A howler monkey (D:7)
  4 crimson imps
  2 quasits
  4 hounds
  4 jellies
  3 orc wizards (D:5)
  4 orc priests
  2 centaur skeletons
  A gnoll shaman (D:7)
  6 worker ants
  A killer bee zombie (D:9)
  A hound zombie (D:7)
  3 mummies (Ossuary)
  2 howler monkey zombies
  3 gnolls (D:7)
  9 adders
  2 river rats (Sewer)
  2 shadow imps (D:5)
  8 oozes
  7 adder zombies
  3 adder skeletons
  5 worms
  A dart slug (D:1)
  3 leopard geckos
  18 orcs
  3 ball pythons (Sewer)
  4 bats (D:1)
  8 giant cockroaches
  A gnoll zombie (Ossuary)
  7 goblins
  3 hobgoblins
  7 jackals
  13 kobolds
  6 quokkas
  8 frilled lizards
  A goblin zombie (Ossuary)
  2 hobgoblin zombies (Ossuary)
  A jackal skeleton (D:6)
  4 kobold zombies (Ossuary)
  2 orc zombies (Ossuary)
  6 rats
  3 rat zombies (Ossuary)
210 creatures vanquished.

Vanquished Creatures (others)
  630 foxfires
630 creatures vanquished.

Grand Total: 840 creatures vanquished

Notes
Turn   | Place    | Note
-------+----------+-------------------------------------------
     0 | D:1      | DerDa the Demonspawn Fire Elementalist began the quest for
                  | the Orb.
     0 | D:1      | Reached XP level 1. HP: 13/13 MP: 3/3
   174 | D:1      | Gained mutation: You sometimes gain a little power by
                  | taking damage. [demonic ancestry]
   174 | D:1      | Reached XP level 2. HP: 19/19 MP: 1/5
   570 | D:1      | Reached XP level 3. HP: 24/24 MP: 3/6
   990 | D:2      | Found a burning altar of Makhleb.
   992 | D:2      | Found a basalt altar of Yredelemnul.
  1145 | D:2      | Found a blossoming altar of Fedhas.
  1146 | D:2      | Found a sacrificial altar of Ru.
  1150 | D:2      | Found a snail-covered altar of Cheibriados.
  1788 | D:3      | Found a glowing golden altar of the Shining One.
  1846 | D:3      | Found a white marble altar of Elyvilon.
  1907 | D:3      | Noticed a centaur
  1919 | D:3      | Killed a centaur
  1919 | D:3      | Gained mutation: You have a pair of small horns on your
                  | head. [demonic ancestry]
  1919 | D:3      | Reached XP level 4. HP: 19/30 MP: 6/8
  1951 | D:3      | Learned a level 4 spell: Sticky Flame
  2006 | D:3      | Found a stormy altar of Qazlal.
  2278 | D:4      | Gained mutation: You have sharp fingernails. [demonic
                  | ancestry]
  2278 | D:4      | Reached XP level 5. HP: 35/35 MP: 6/9
  2350 | D:4      | Learned a level 5 spell: Fireball
  2358 | D:4      | Found a shattered altar of Ashenzari.
  2458 | D:4      | Found an iron altar of Okawaru.
  2846 | D:4      | Found a glowing drain.
  2855 | Sewer    | Entered a sewer
  2883 | Sewer    | Gained mutation: You sometimes gain power by taking damage.
                  | [demonic ancestry]
  2883 | Sewer    | Reached XP level 6. HP: 41/41 MP: 7/11
  3135 | Sewer    | Gained mutation: You have very sharp fingernails. [demonic
                  | ancestry]
  3135 | Sewer    | Reached XP level 7. HP: 43/46 MP: 3/13
  3268 | Sewer    | Reached skill level 5 in Fire Magic
  3492 | D:4      | Found a glowing silver altar of Zin.
  3492 | D:4      | Noticed an angel
  3663 | D:5      | Entered Level 5 of the Dungeon
  3673 | D:5      | Found a staircase to the Ecumenical Temple.
  3791 | D:5      | Reached skill level 5 in Conjurations
  3823 | D:4      | Reached skill level 5 in Spellcasting
  4276 | D:5      | Gained mutation: You are immune to rotting. [demonic
                  | ancestry]
  4276 | D:5      | Reached XP level 8. HP: 30/52 MP: 5/15
  4296 | Temple   | Entered the Ecumenical Temple
  4401 | D:5      | Found a shimmering blue altar of Sif Muna.
  4410 | D:5      | Became a worshipper of Sif Muna the Loreminder
  4777 | D:5      | Found a hide-covered altar of Uskayaw.
  4825 | D:5      | Found a runed translucent gate.
  4825 | D:5      | Identified the cursed +2 hunting sling of the Penguin
                  | {vorpal, rPois rF+ MR+ Str+2}
  4825 | D:5      | Identified the cursed +1 chain mail of Irowats {rPois rF+
                  | Int-3 SInv}
  4826 | D:5      | Found a runed translucent gate.
  4827 | D:5      | Found a roughly hewn altar of Beogh.
  4827 | D:5      | Found a runed translucent gate.
  4827 | D:5      | Noticed MrRokkomies's ghost (novice DEFE)
  5585 | D:6      | You fall into a shaft and drop 3 floors!
  5627 | D:9      | Reached * piety under Sif Muna
  5825 | D:8      | Found a sand-covered staircase.
  5834 | Ossuary  | Entered an ossuary
  6285 | D:6      | Noticed Dowan
  6285 | D:6      | Noticed Duvessa
  6386 | D:6      | Noticed Grinder
  6530 | D:5      | Killed Grinder
  6530 | D:5      | Reached XP level 9. HP: 42/57 MP: 11/18
  6885 | D:6      | Found a sparkling altar of Nemelex Xobeh.
  6955 | D:6      | Reached ** piety under Sif Muna
  7116 | D:6      | Killed Duvessa
  7119 | D:6      | Killed Dowan
  7508 | D:7      | Noticed Menkaure
  7512 | D:7      | Killed Menkaure
  8149 | D:7      | Found a radiant altar of Vehumet.
  8195 | D:7      | Found an ancient bone altar of Kikubaaqudgha.
  8985 | D:8      | Reached XP level 10. HP: 44/63 MP: 13/21
  8996 | D:8      | HP: 1/63 [killer bee (6)]
  8997 | D:8      | Slain by a killer bee

Levels and vault maps discovered:
D:1:      scummos_arrival_forest, layout_basic
D:2:      layout_loops_ring, minitemple
D:3:      layout_rooms, old_standard_altar, elyvilon_altar_4, tso_metal_star
D:4:      layout_loops_ring, lemuel_crystal_altar, zin_angel,
          old_standard_altar, portal_sewer_entry_d, first_ration
D:5:      layout_rooms, nicolae_overflow_crystal_walls,
          eat_drink_and_be_merry_uskayaw, minmay_temple_entry_tees,
          biasface_ghost_orc_armoury, grunt_tough_drop
D:6:      layout_loops_ring, nemelex_lonely_heart_becter, uniq_duvessa,
          uniq_grinder
D:7:      layout_basic, vehumet_altar_wand_db, lemuel_coloured_pillars_altar,
          uniq_menkaure
D:8:      layout_cave_pools, kennysheep_little_box, enter_ossuary_1,
          david_nohive_1
D:9:      layout_stronghold, orc_david_3, uniq_maurice
Temple:   corrupted_temple

Skill      XL: |  1  2  3  4  5  6  7  8  9 |
---------------+----------------------------+-----
Fire Magic     | 3 4 5 6 8 |  8.1
Conjurations   | 2 3 4 5 6 8 |  8.4
Spellcasting   | 3 4 5 6 7 |  7.9
Dodging        | |  1.7
Stealth        | |  1.7

Action                   |  1- 3 |  4- 6 |  7- 9 | 10-12 || total
-------------------------+-------+-------+-------+-------++-------
Melee: Club              |    12 |       |       |       ||    12
       Unarmed           |     1 |       |       |       ||     1
       Dagger            |    26 |     3 |       |       ||    29
       Falchion          |       |    23 |   117 |       ||   140
       Headbutt          |       |     4 |    21 |       ||    25
 Cast: Foxfire           |    50 |    77 |   299 |       ||   426
       Sticky Flame      |       |     3 |    30 |       ||    33
  Use: Potion            |     3 |       |       |       ||     3
       Scroll            |       |     4 |     7 |     1 ||    12
 Stab: Sleeping          |     2 |     1 |       |       ||     3
       Distracted        |       |       |     1 |       ||     1
  Eat: Chunk             |     4 |     4 |    19 |       ||    27
       Ration            |       |       |     1 |       ||     1
Armor: Robe              |     9 |     6 |    30 |     3 ||    48
Dodge: Dodged            |    29 |    23 |   159 |     5 ||   216
       Deflected         |       |     4 |     2 |       ||     6
       Rpst.: Falchion   |       |     5 |    46 |     1 ||    52

Table legend:
 A = Non-vault XP
 B = Vault XP
 C = Vault XP percentage of total XP
 D = Non-vault monster count
 E = Vault monster count
 F = Vault count percentage of total count
                 A         B        C        D         E       F
            +---------+---------+-------+---------+---------+-------
      Total |    3909 |    1620 |  29.3 |     151 |      59 |  28.1
            +---------+---------+-------+---------+---------+-------
        D:1 |      44 |       0 |   0.0 |      19 |       0 |   0.0
        D:2 |       7 |       0 |   0.0 |       5 |       0 |   0.0
        D:3 |     138 |       0 |   0.0 |      18 |       0 |   0.0
        D:4 |     255 |      13 |   4.9 |      16 |       1 |   5.9
        D:5 |     775 |     275 |  26.2 |      29 |       3 |   9.4
        D:6 |    1189 |     222 |  15.7 |      25 |       2 |   7.4
        D:7 |     659 |     174 |  20.9 |      13 |       2 |  13.3
        D:8 |     629 |     129 |  17.0 |      18 |       2 |  10.0
        D:9 |     213 |       0 |   0.0 |       8 |       0 |   0.0
      Sewer |       0 |     709 | 100.0 |       0 |      28 | 100.0
    Ossuary |       0 |      98 | 100.0 |       0 |      21 | 100.0
            +---------+---------+-------+---------+---------+-------
